 Dungeon Crawl Stone Soup version 0.26-a0-597-gb535b0901c (webtiles) character file.

Game seed: 12597071758013045774

11 Alarkh the Digger (level 2, 20/20 HPs)
             Began as a Demonspawn Earth Elementalist on Aug 31, 2020.
             Got out of the dungeon alive.
             The game lasted 00:00:52 (277 turns).

Alarkh the Digger (Demonspawn Earth Elementalist)    Turns: 277, Time: 00:00:53

Health: 20/20      AC:  2    Str:  8    XL:     2   Next: 17%
Magic:  4/5        EV: 12    Int: 16    God:
Gold:   28         SH:  0    Dex: 13    Spells: 4/5 levels left

rFire    . . .     SeeInvis .     - Unarmed
rCold    . . .     Faith    .   (no shield)
rNeg     . . .     Spirit   .   c - +0 robe
rPois    .         Reflect  .   (no helmet)
rElec    .         Harm     .   (no cloak)
rCorr    .                      (no gloves)
MR       .....                  (no boots)
Stlth    ++........             (no amulet)
HPRegen  0.06/turn              (no ring)
MPRegen  0.09/turn              (no ring)

@: no status effects
A: hooves 1
a: no special abilities


You escaped.
You visited 1 branch of the dungeon, and saw 1 of its levels.

You collected 28 gold pieces.

Inventory:

Missiles
 b - 18 stones (quivered)
Armour
 c - a +0 robe (worn)
Scrolls
 a - a scroll of enchant armour {unknown}
 d - a scroll of identify {unknown}
Potions
 e - a potion of berserk rage {unknown}
 f - a potion of might {unknown}


   Skills:
 + Level 0.5 Fighting
 - Level 1.7 Dodging
 - Level 1.7 Stealth
 * Level 1.0 Unarmed Combat
 + Level 2.1 Spellcasting
   Level 0.8 Transmutations
 + Level 2.8 Earth Magic


You had 4 spell levels left.
You knew the following spells:

 Your Spells              Type           Power        Failure   Level
a - Sandblast             Erth           ##....       6%          1

Your spell library contained the following spells:

 Spells                   Type           Power        Failure   Level
 Passwall                 Tmut/Erth      #.......     14%         2
 Stone Arrow              Conj/Erth      #.....       34%         3
 Petrify                  Tmut/Erth      #.......     67%         4
 Lee's Rapid Deconstruct  Erth           ##........   87%         5


Dungeon Overview and Level Annotations

Branches:
Dungeon (1/15)

Altars:


Innate Abilities, Weirdness & Mutations

You have large cloven feet.


Message History

Confirm with . or Enter, or press ? or * to list all spells.
Aiming: Sandblast (safe; 6% risk of failure)
Press: ? - help, Shift-Dir - straight line, f/p - leopard gecko
Aim: a leopard gecko (moderately wounded)
The blast of sand hits the leopard gecko!
You kill the leopard gecko!
b - 19 stones
Casting: Sandblast (safe; 6% risk of failure)
Confirm with . or Enter, or press ? or * to list all spells.
Aiming: Sandblast (safe; 6% risk of failure)
Press: ? - help, Shift-Dir - straight line, f - kobold
Aim: a kobold The blast of sand hits the kobold.
You kill the kobold!
Your Unarmed Combat skill increases to level 1!
b - 18 stones You see here a hobgoblin corpse.
There is a staircase leading out of the dungeon here.
Are you sure you want to leave the Dungeon?
This will make you lose the game!
You have escaped!

..# #.#
#.##################### ##
#.#.#..#.....#..#.....#..#.#
#.#.#..#..#..#..#..#.......#
#...).......................
#...#..#..#..#.....#..#..#..
#.#..........#.....#..# .#
#†#....#..#.....@..#..(. #
#.#######################
#.######## ..........
...##....# ...##....#
...♣.≈...#.. ..P≈≈≈≈.....
..P≈≈≈.....#


There were no monsters in sight!

Vanquished Creatures
  A leopard gecko (D:1)
  A bat (D:1)
  3 goblins (D:1)
  2 hobgoblins (D:1)
  A kobold (D:1)
  A rat (D:1)
9 creatures vanquished.

Notes
Turn   | Place    | Note
-------+----------+-------------------------------------------
     0 | D:1      | Alarkh the Demonspawn Earth Elementalist began the quest
                  | for the Orb.
     0 | D:1      | Reached XP level 1. HP: 13/13 MP: 3/3
   203 | D:1      | Gained mutation: You have large cloven feet. [demonic
                  | ancestry]
   203 | D:1      | Reached XP level 2. HP: 20/20 MP: 1/5
   229 | D:1      | Reached skill level 1 in Unarmed Combat
   277 | D:$      | Got out of the dungeon alive.

Illustrated notes

Levels and vault maps discovered:
D:1:      dpeg_arrival_ternary, layout_basic, serial_bayou_pond_d,
          chequers_mini_garden, st_stairs_1, hangedman_decor_clover_reticule,
          minmay_quantized

Skill      XL: |  1  2 |
---------------+-------+-----
Unarmed Combat | 1 |  1.0
Fighting       | |  0.5
Dodging        | |  1.7
Stealth        | |  1.7
Spellcasting   | |  2.1
Transmutations | |  0.8
Earth Magic    | |  2.8

Action                   || total
-------------------------++-------
 Cast: Sandblast         ||    12
Armor: Robe              ||     3
Dodge: Dodged            ||    12

Table legend: (Time is in decaauts)
 A = Elapsed time spent in this place.
 B = Non-inter-level travel time spent in this place.
 C = Inter-level travel time spent in this place.
 D = Time resting spent in this place.
 E = Time spent auto-exploring this place.
 F = Levels seen in this place.
 G = Mean time per level.
                   A        B        C        D        E       F      G
               +--------+--------+--------+--------+--------+-----+--------+
         Total |    277 |    231 |     46 |      5 |    116 |   1 |  277.0 |
       Dungeon |    277 |    231 |     46 |      5 |    116 |   1 |  277.0 |
               +--------+--------+--------+--------+--------+-----+--------+

Top non-repeatable levels by time:
     D:1: 277 daAuts
